 Dungeon Crawl Stone Soup version 0.30-a0-860-g512cf1e979 (webtiles) character file.

Game seed: 9588414050301250869

15 cforsyth the Digger (level 2, -3/15 HPs)
             Began as a Deep Elf Earth Elementalist on Mar 7, 2023.
             Frozen to death by an endoplasm (4 damage)
             ... on level 1 of the Dungeon.
             The game lasted 00:01:03 (256 turns).

cforsyth the Digger (Deep Elf Earth Elementalist)    Turns: 256, Time: 00:01:03

Health: -3/15      AC:  2    Str:  3 (5)  XL:     2   Next: 34%
Magic:  2/8        EV: 12    Int: 17 (19) God:
Gold:   0          SH:  0    Dex: 14 (15) Spells: 6/7 levels left

rFire   . . .      SeeInvis .    (no weapon)
rCold   . . .      Faith    .    (no shield)
rNeg    . . .      Spirit   .    a - +0 robe
rPois   .          Reflect  .    (no helmet)
rElec   .          Rampage  .    g - scarf {repulsion}
rCorr   .                        (no gloves)
Will    .....                    (no boots)
Stlth   ++                       (no amulet)
HPRegen 0.22/turn                (no ring)
MPRegen 0.11/turn                (no ring)

@: repel missiles
A: no striking features
a: no special abilities


You were on level 1 of the Dungeon.
You visited 1 branch of the dungeon, and saw 1 of its levels.

Inventory:

Armour
 a - a +0 robe (worn)
 g - a scarf of repulsion (worn)
Scrolls
 c - a scroll of immolation {unknown}
 d - a scroll of identify {unknown}
Potions
 b - 2 potions of magic
 e - a potion of degeneration
 f - 2 potions of brilliance {unknown}


   Skills:
 + Level 2.7 Dodging
 + Level 2.8 Stealth
 + Level 3.2 Spellcasting
 + Level 1.5 Transmutations
 + Level 3.4 Earth Magic


You had 6 spell levels left.
You knew the following spells:

 Your Spells              Type           Power      Damage    Failure   Level
a - Sandblast             Erth           28%        2d8       4%          1

Your spell library contained the following spells:

 Spells                   Type           Power      Damage    Failure   Level
 Passwall                 Tmut/Erth      9%         N/A       10%         2
 Stone Arrow              Conj/Erth      16%        3d8       26%         3
 Petrify                  Tmut/Erth      11%        N/A       52%         4
 Borgnjor's Vile Clutch   Necr/Erth      4%         N/A       93%         5
 Alistair's Intoxication  Tmut/Pois      3%         N/A       98%         5
 Eringya's Noxious Bog    Tmut/Pois      2%         N/A       100%        6


Dungeon Overview and Level Annotations

Branches:
Dungeon (1/15)

Altars:


Message History

The hobgoblin shouts!
The goblin shouts!
The ball python hisses angrily.
An endoplasm comes into view.
The hobgoblin shouts!
You hear an angry hiss.
A ball python comes into view.
The blast of sand hits the ball python!
You kill the ball python!
The ball python hisses angrily.
The endoplasm quivers.
A hobgoblin comes into view.
The blast of sand misses the hobgoblin.
The hobgoblin hits you.
The blast of sand hits the goblin!
You kill the goblin!
A frilled lizard comes into view.
The hobgoblin closely misses you. The hobgoblin barely misses you. x2
The blast of sand hits the hobgoblin!
You kill the hobgoblin!
The hobgoblin hits you but does no damage.
The ball python completely misses you. x2
The blast of sand hits the ball python!
You kill the ball python!
The hobgoblin hits you. The endoplasm closely misses you.
The hobgoblin barely misses you. The endoplasm misses you.
The blast of sand hits the hobgoblin!
You kill the hobgoblin!
The hobgoblin misses you. The endoplasm hits you.
The blast of sand misses the hobgoblin.
The hobgoblin barely misses you. The endoplasm misses you.
The frilled lizard misses you. The hobgoblin hits you.
The endoplasm closely misses you.
You are too injured to fight recklessly!
Unknown command.
The hobgoblin attacks as you move away! The hobgoblin hits you.
* * * LOW HITPOINT WARNING * * *
It was a potion of degeneration.
There was something very wrong with that liquid.
You feel weakened.
You feel dopey.
You feel clumsy. The frilled lizard barely misses you.
The hobgoblin closely misses you. The endoplasm freezes you.
You are frozen.
You die...

#........... #..........#
#........... ###. #...........
...# #.[......... #####.#
#........... ......
.####...)....... ##....
.......lg...?.####......
#.###.@J........ ##...
###.........#...###....
#......######.#........
#########......# ###..#####.#.#
#.........###### #...#.........
#.........# ###.#........###
#.....†..## ####.......###.....
#........####......##### #.####
#........#..(....#########>..<>


You could see an endoplasm, a hobgoblin and a frilled lizard.

Vanquished Creatures
  An endoplasm (D:1)
  2 goblins (D:1)
  2 hobgoblins (D:1)
  A quokka (D:1)
  3 ball pythons (D:1)
  2 bats (D:1)
  A frilled lizard (D:1)
  2 rats (D:1)
14 creatures vanquished.

Notes
Turn   | Place    | Note
-------+----------+-------------------------------------------
     0 | D:1      | cforsyth the Deep Elf Earth Elementalist began the quest
                  | for the Orb.
     0 | D:1      | Reached XP level 1. HP: 10/10 MP: 6/6
   185 | D:1      | Reached XP level 2. HP: 15/15 MP: 2/8
   256 | D:1      | Frozen to death by an endoplasm

Illustrated notes

Levels and vault maps discovered:
D:1:      dpeg_arrival_tiny_i, layout_rooms,
          wander_ebering_terrifying_dragon_lair

Action                     || total
---------------------------++-------
   Cast: Sandblast         ||    16
    Use: Potion            ||     1
 Armour: Robe              ||     2
  Dodge: Dodged            ||    15

Table legend: (Time is in decaauts)
 A = Elapsed time spent in this place.
 B = Non-inter-level travel time spent in this place.
 C = Inter-level travel time spent in this place.
 D = Time resting spent in this place.
 E = Time spent auto-exploring this place.
 F = Levels seen in this place.
 G = Mean time per level.
                   A        B        C        D        E       F      G
               +--------+--------+--------+--------+--------+-----+--------+
         Total |    264 |    264 |      0 |      0 |    199 |   1 |  264.0 |
       Dungeon |    264 |    264 |      0 |      0 |    199 |   1 |  264.0 |
               +--------+--------+--------+--------+--------+-----+--------+

Top non-repeatable levels by time:
     D:1: 264 daAuts
